AoeStats
← dean03110206

Lombardia

507488752Analyzed
4v4 RM · 13d ago on Sep 18, 2026· 42m 38s· 8 players
Game mode
Random Map
Map size
Large (8 player)
Population
200
Speed
Normal
Resources
Standard
Victory
Conquest
Starting age
Dark Age
Ending age
Imperial Age
RankedLock teamsTeams togetherTeam positionsShared explorationLock speedFull tech treeHidden civsTurbo modeCheats
Victory
Defeat
1100
+12
🇨🇳 Romans · China
1027
+15
🇨🇳 Franks · China
980
+17
🇨🇳 Huns · China
930
+20
🇹🇼 Spanish · Taiwan
1031
-17
🇹🇼 Celts · Taiwan
1027
-17
🇨🇳 Poles · China
1019
-16
🇻🇳 Ethiopians · Vietnam
966
-14
Depart
0:31 Loom
10:49 Feudal Age
12:06 Wheelbarrow
11:18 Double-Bit Axe
15:34 Castle Age
16:33 Hand Cart
16:59 Bow Saw
24:57 Gold Mining
24:58 Stone Mining
26:37 Gold Shaft Mining
27:07 Forging
27:03 Scale Barding Armor
28:52 Iron Casting
30:45 Husbandry
34:55 Imperial Age
34:10 Chain Barding Armor
35:58 Caravan
35:36 Cavalier
37:22 Blast Furnace
36:57 Plate Barding Armor
36:50 Paladin
37:19 Light Cavalry
43:09 Conscription
市委书记李达康
8:53 Loom
11:12 Feudal Age
11:43 Double-Bit Axe
14:46 Horse Collar
20:09 Castle Age
18:26 Fletching
19:13 Padded Archer Armor
22:20 Bow Saw
22:38 Squires
23:19 Heavy Plow
25:56 Wheelbarrow
27:12 Hand Cart
27:43 Gold Mining
28:06 Stone Mining
29:42 Forging
31:32 Ballistics
31:54 Gold Shaft Mining
35:06 Imperial Age
32:05 Crossbowman
32:49 Bodkin Arrow
33:30 Thumb Ring
34:19 Iron Casting
33:45 Scale Mail Armor
34:41 Stone Shaft Mining
34:33 Fortified Wall
35:56 Bracer
36:12 Leather Archer Armor
36:59 Blast Furnace
36:14 Chain Mail Armor
35:26 Arbalester
35:39 Halberdier
36:52 Conscription
38:19 Chemistry
37:10 Elite Skirmisher
40:48 Ring Archer Armor
40:27 Siege Engineers
41:11 Arson
42:03 Plate Mail Armor
yarl
2:28 Loom
10:19 Feudal Age
10:54 Horse Collar
11:01 Double-Bit Axe
20:02 Castle Age
19:24 Stone Mining
19:29 Gold Mining
20:57 Heavy Plow
21:15 Bow Saw
23:57 Gold Shaft Mining
23:46 Pikeman
28:41 Squires
28:57 Scale Mail Armor
29:07 Forging
34:40 Imperial Age
33:48 Wheelbarrow
33:34 Caravan
33:42 Ballistas
33:58 Chain Mail Armor
34:18 Iron Casting
34:31 Ballistics
34:25 Fortified Wall
36:08 Crop Rotation
36:03 Conscription
35:10 Halberdier
37:11 Hand Cart
36:27 Heavy Scorpion
40:52 Chemistry
42:01 Bloodlines
41:52 Husbandry
省委高育良
10:08 Feudal Age
14:24 Castle Age
18:14 Horse Collar
19:31 Double-Bit Axe
24:55 Gold Mining
24:58 Stone Mining
25:20 Bow Saw
25:16 Heavy Plow
28:17 Gold Shaft Mining
28:04 Loom
29:48 Wheelbarrow
32:29 Imperial Age
30:57 Hand Cart
32:06 Marauders
32:14 Scale Barding Armor
32:19 Forging
34:08 Chain Barding Armor
34:23 Iron Casting
34:10 Conscription
33:10 Elite Tarkan
35:52 Plate Barding Armor
35:44 Husbandry
35:54 Bloodlines
35:56 Town Watch
38:38 Blast Furnace
dean03110206
0:30 Loom
12:11 Feudal Age
18:26 Castle Age
27:17 Wheelbarrow
27:05 Pikeman
28:25 Horse Collar
29:21 Double-Bit Axe
29:04 Elite Skirmisher
31:34 Scale Mail Armor
31:44 Forging
31:25 Fletching
31:36 Padded Archer Armor
32:13 Hand Cart
32:04 Gold Mining
34:55 Imperial Age
35:47 Bow Saw
35:04 Capped Ram
35:52 Bodkin Arrow
37:01 Chemistry
36:22 Halberdier
36:46 Heavy Scorpion
41:39 Chain Mail Armor
41:59 Iron Casting
MaxC
6:09 Loom
11:19 Feudal Age
12:12 Double-Bit Axe
12:59 Horse Collar
14:04 Bloodlines
15:22 Scale Barding Armor
16:12 Forging
17:47 Wheelbarrow
21:29 Castle Age
20:18 Gold Mining
22:34 Chain Barding Armor
22:50 Iron Casting
22:19 Husbandry
22:47 Bow Saw
23:08 Light Cavalry
24:40 Stone Mining
29:11 Hand Cart
30:25 Heavy Plow
32:10 Fletching
35:22 Imperial Age
33:33 Fervor
34:07 Padded Archer Armor
35:32 Elite Conquistador
36:33 Conscription
36:17 Cavalier
38:36 Paladin
40:53 Plate Barding Armor
41:19 Blast Furnace
40:38 Pikeman
yigjiajsdihna
11:33 Feudal Age
11:59 Horse Collar
12:07 Double-Bit Axe
david
10:21 Feudal Age
16:40 Castle Age
15:15 Double-Bit Axe
17:54 Stone Mining
18:16 Bow Saw
27:50 Horse Collar
29:42 Fletching
32:40 Gold Mining
33:26 Stone Shaft Mining
35:40 Imperial Age
33:16 Bodkin Arrow
33:22 Scale Mail Armor
35:06 Crossbowman
36:00 Arbalester
36:43 Bracer
37:41 Thumb Ring
37:43 Elite Skirmisher
38:14 Halberdier
40:46 Chemistry
40:40 Padded Archer Armor
Connection lost

Rejoining the realm…

Still unreachable

The connection could not be restored.

Session expired

The server has moved on; the page needs a fresh start.